 Dungeon Crawl Stone Soup version 0.16.1-25-gbcee3f8 (webtiles) character file.

45 Z4ng3tsu the Digger (level 3, -6/27 HPs)
             Began as a Draconian Earth Elementalist on May 20, 2015.
             Mangled by a gnoll
             ... wielding a +0 spear
              (8 damage)
             ... on level 2 of the Dungeon.
             The game lasted 00:15:19 (1669 turns).

Z4ng3tsu the Digger (Draconian Earth Elementalist)  Turns: 1669, Time: 00:15:20

Health: -6/27      AC:  5    Str: 10    XL:     3   Next: 42%
Magic:  6/6        EV: 12    Int: 15    God:
Gold:   32         SH:  0    Dex: 12    Spells: 3 memorised, 0 levels left

rFire  + . .     SeeInvis .     e - +0 mace
rCold  x . .     Clarity  .     (armour unavailable)
rNeg   . . .     SustAb   .     (no shield)
rPois  .         Gourm    .     (helmet restricted)
rElec  .         Spirit   .     (no cloak)
rCorr  .         Warding  .     (no gloves)
rMut   .         Stasis   .     (no boots)
MR     .....                    (no amulet)
Stlth  ++........               (no ring)
                                c - ring of fire

@: not resistant to hostile enchantments, unstealthy
A: unfitting armour, cold-blooded, AC +5
a: no special abilities


You were on level 2 of the Dungeon.
You were not hungry.

You visited 1 branch of the dungeon, and saw 2 of its levels.

You collected 32 gold pieces.

Inventory:

Hand weapons
 e - a +0 mace (weapon)
 h - a +0 hunting sling
Missiles
 b - 87 stones (quivered)
Jewellery
 c - a ring of fire (left hand)
Potions
 f - a potion of resistance {unknown}
 i - a potion of curing
Books
 d - a book of Geomancy

   Spells                             Type                      Level
   a - Sandblast                      Earth                        1
   b - Stoneskin                      Transmutation/Earth          2
   c - Passwall                       Transmutation/Earth          3
   d - Stone Arrow                    Conjuration/Earth            3
   e - Petrify                        Transmutation/Earth          4
   f - Lee's Rapid Deconstruction     Earth                        5
Comestibles
 a - a bread ration


   Skills:
 + Level 0.7 Fighting
 + Level 0.2 Maces & Flails
 + Level 0.1 Throwing
 + Level 2.2 Dodging
 + Level 2.1 Stealth
 + Level 2.3 Spellcasting
 + Level 1.0 Transmutations
 + Level 3.4 Earth Magic


You couldn't memorise any spells.
You knew the following spells:

 Your Spells              Type           Power        Failure   Level  Hunger
a - Sandblast             Erth           ##....       6%          1    #......
b - Stoneskin             Trmt/Erth      #.......     14%         2    ###....
c - Stone Arrow           Conj/Erth      #.....       34%         3    ###....


Dungeon Overview and Level Annotations

Branches:
Dungeon (2/15)

Altars:
Vehumet


Innate Abilities, Weirdness & Mutations

Your plain brown scales are hard (AC +5).
Your body does not fit into most forms of armour.
Your cold-blooded metabolism reacts poorly to cold.


Message History

The gnoll hits you from afar with a spear.
The jackal bites you but does no damage.
You barely miss the jackal.
The jackal is almost dead.
The jackal misses you. x2
The hobgoblin completely misses you. The jackal barely misses you.
The jackal bites you but does no damage.
The jackal misses you.
The gnoll hits you from afar with a spear.
* * * LOW HITPOINT WARNING * * *
The hobgoblin hits you.
* * * LOW HITPOINT WARNING * * *
The jackal barely misses you.
You barely miss the jackal.
You tail-slap the jackal, but do no damage.
The jackal is almost dead.
The jackal barely misses you. The jackal closely misses you.
The jackal misses you.
The gnoll hits you from afar with a spear!
You die...

...§.§.†...##########.......##...
...§§......# ##########...
.......##### #... .......# #...
.......# #### .......###
.........# #........# ########
#........#######@h....#
#.............gghh....#
'...............g.......
#...)...................
...............%........
....#...............)$.
....#.................
....#................
..?.#####...........


You could see 2 gnolls, 3 jackals and a hobgoblin.

Vanquished Creatures
  A giant mite (D:2)
  A worm (D:2)
  An ooze (D:1)
  A ball python (D:1)
  2 giant cockroaches
  3 goblins (D:1)
  5 hobgoblins
  A jackal (D:2)
  4 bats (D:1)
  A giant gecko (D:1)
  A giant newt (D:1)
  5 kobolds (D:1)
  6 rats (D:1)
32 creatures vanquished.

Vanquished Creatures (others)
  2 gnolls (D:2)
2 creatures vanquished.

Grand Total: 34 creatures vanquished

Notes
Turn   | Place    | Note
--------------------------------------------------------------
     0 | D:1      | Z4ng3tsu, the Draconian Earth Elementalist, began the quest for the Orb.
     0 | D:1      | Reached XP level 1. HP: 14/14 MP: 3/3
   396 | D:1      | Reached XP level 2. HP: 17/20 MP: 4/4
  1319 | D:2      | Reached XP level 3. HP: 7/26 MP: 1/6
  1588 | D:2      | Learned a level 2 spell: Stoneskin
  1592 | D:2      | Learned a level 3 spell: Stone Arrow
  1629 | D:2      | Found a radiant altar of Vehumet.
  1669 | D:2      | Mangled by a gnoll

Action                   || total
-------------------------++-------
Melee: Unarmed           ||    13
       Mace              ||    53
Throw: Stone             ||    37
 Cast: Sandblast         ||    29
       Stone Arrow       ||     1
  Use: Scroll            ||     2
       Potion            ||     3
  Eat: Bread ration      ||     1
